 Dungeon Crawl Stone Soup version 0.27.0-1-g7a089689b8 (webtiles) character file.

Game seed: 2417979942727752930

144 infcreate the Shield-Bearer (level 5, 33/33 HPs)
             Began as a Gargoyle Fighter on Aug 7, 2021.
             Quit the game on level 2 of the Dungeon.
             The game lasted 00:04:23 (2947 turns).

infcreate the Shield-Bearer (Gargoyle Fighter)      Turns: 2947, Time: 00:04:24

Health: 33/33      AC: 14    Str: 20    XL:     5   Next: 27%
Magic:  5/5        EV:  5    Int:  9    God:
Gold:   40         SH:  9    Dex:  9    Spells: 4/4 levels left

rFire    . . .     SeeInvis .   a - +0 flail
rCold    . . .     Faith    .   c - +0 kite shield
rNeg     + . .     Spirit   .   k - +0 chain mail
rPois    ∞         Reflect  .   (no helmet)
rElec    +         Harm     .   j - +0 cloak
rCorr    .         Rampage  .   (no gloves)
Will     .....                  (no boots)
Stlth    ..........             (no amulet)
HPRegen  0.11/turn              (no ring)
MPRegen  0.09/turn              (no ring)

@: no status effects
A: sickness immunity, AC +4, negative energy resistance 1, electricity
resistance, torment resistance 1, petrification resistance
a: no special abilities


You were on level 2 of the Dungeon.
You visited 1 branch of the dungeon, and saw 2 of its levels.

You collected 40 gold pieces.


Innate Abilities, Weirdness & Mutations

You are immune to sickness and miasma.
Your stone body is resilient. (AC +4)
You are immune to poison.
You resist negative energy. (rN+)
You are resistant to electric shocks. (rElec)
You are resistant to unholy torment.
You are immune to petrification.


   Skills:
 + Level 4.2 Fighting
 + Level 3.1 Maces & Flails
 + Level 4.2 Armour
 + Level 4.2 Shields


You had 4 spell levels left.
You didn't know any spells.
Your spell library contained the following spells:

 Spells                   Type           Power      Damage    Failure   Level
 Beastly Appendage        Tmut           0%         N/A       100%        1
 Foxfire                  Conj/Fire      0%         2x1d4     100%        1
 Sting                    Tmut/Pois      0%         1d3       100%        1
 Poisonous Vapours        Pois/Air       0%         N/A       100%        2
 Wereblood                Tmut           0%         N/A       100%        2
 Conjure Flame            Conj/Fire      0%         6-21      100%        3
 Gell's Gravitas          Tloc           0%         N/A       100%        3
 Inner Flame              Hex/Fire       0%         N/A       100%        3
 Lesser Beckoning         Tloc           0%         N/A       100%        3
 Spider Form              Tmut/Pois      0%         N/A       100%        3
 Teleport Other           Tloc           0%         N/A       100%        3
 Olgreb's Toxic Radiance  Pois           0%         N/A       100%        4

Inventory:

Hand Weapons
 a - a +0 flail (weapon)
Armour
 c - a +0 kite shield (worn)
 j - a +0 cloak (worn)
 k - a +0 chain mail (worn)
Jewellery
 v - a ring of see invisible
 F - a ring of fire
 L - a ring of flight
Scrolls
 e - 2 scrolls of identify {unknown}
 f - 3 scrolls of vulnerability {unknown}
 g - a scroll of brand weapon {unknown}
 l - a scroll of fog {unknown}
Potions
 b - a potion of mutation {unknown}
 d - a potion of lignification {unknown}
 h - a potion of haste {unknown}
 i - a potion of curing {unknown}

Dungeon Overview and Level Annotations

Branches:
Dungeon (2/15)

Altars:

Shops:
D:1 [(*

Annotations:
D:2 1 runed translucent door, Crazy Yiuf

..........##.#+### #......#
.....#######...### #......#
.....# ##....# ###......####
.....# ##....####.'..........
.....# #........#'#.....#####
.....# #...................#
###### #................##.#
#................##.#
#....@........#'###†## ########
#..........####.......
#......#######.#.###.#...#.......
#.......##.###.#n# #.#...#.......
#........'.J)..#B# #.#...#.......
#........'..##>#.# #.'...........
#'#......'.#####.# ###...##......
#.#.....##.# #.# #...##......
#J#....##### #.# #...##......


You could see a necrophage and a giant cockroach.


Message History

There is an open door here.
There is an open door here.
You see here a hobgoblin skeleton.
You see here a ball python skeleton.
You sock the jelly!
Your hands burn!
The jelly is almost dead.
The jelly hits you but does no damage. x2
You hit the jelly.
You kill the jelly!
The endoplasm hits you but does no damage.
You have reached level 5!
You hit the endoplasm.
The endoplasm is moderately wounded.
The endoplasm freezes you.
You are frozen.
You hit the endoplasm.
You kill the endoplasm!
You see here a ball python skeleton.
HP restored.
You see here a +0 club.
Found a scroll labelled KAMPATHR IPTEYRPH.
f - 3 scrolls labelled KAMPATHR IPTEYRPH (gained 1)
Found a scroll labelled SOIROGU JOIM.
l - a scroll labelled SOIROGU JOIM
Found 15 poisoned darts.
You see here 15 poisoned darts.
A giant cockroach and a necrophage come into view.
There are monsters nearby!
You see here 15 poisoned darts.
Are you sure you want to abandon this character and quit the game? (Confirm with "yes".)

Skill      XL: |  1  2  3  4 |
---------------+-------------+-----
Fighting       | 4 |  4.2
Armour         | 4 |  4.2
Shields        | 4 |  4.2
Maces & Flails | 3 |  3.1

Action                   |  1- 3 |  4- 6 || total
-------------------------+-------+-------++-------
Melee: Flail             |   144 |   105 ||   249
  Use: Potion            |       |     1 ||     1
Armor: Scale mail        |    74 |    39 ||   113
       Chain mail        |       |    28 ||    28
Dodge: Dodged            |    44 |    27 ||    71
Block: Kite shield       |    84 |    41 ||   125

Levels and vault maps discovered:
D:1:      scummos_arrival_forest, layout_basic, serial_rivers,
          chequers_serial_rivers_small_b, chequers_serial_rivers_small_b,
          chequers_serial_rivers_room_a, chequers_serial_rivers_room_b,
          chequers_serial_rivers_room_a,
          shapermc_ecumenical_altar_starsandcircs, serial_shops, shop, shop,
          shop, minmay_misc_feat_iff
D:2:      cheibrodos_fertilizer, layout_basic, uniq_terence,
          uniq_crazy_yiuf_cottage

Notes
Turn   | Place    | Note
-------+----------+-------------------------------------------
     0 | D:1      | infcreate the Gargoyle Fighter began the quest for the Orb.
     0 | D:1      | Reached XP level 1. HP: 14/14 MP: 1/1
    48 | D:1      | Found Agoahiek's Assorted Antiques.
   243 | D:1      | Reached XP level 2. HP: 17/19 MP: 2/2
   322 | D:1      | Found Evos's Antique Weapon Shoppe.
   927 | D:1      | Found a faded altar of an unknown god.
   954 | D:1      | Reached XP level 3. HP: 22/23 MP: 3/3
   966 | D:1      | Found Qowkank's Armour Boutique.
  1555 | D:2      | Reached XP level 4. HP: 16/29 MP: 4/4
  2024 | D:2      | Noticed Terence
  2052 | D:2      | Killed Terence
  2053 | D:2      | Reached skill level 4 in Fighting
  2053 | D:2      | Reached skill level 4 in Armour
  2053 | D:2      | Reached skill level 4 in Shields
  2310 | D:2      | Found a runed translucent door.
  2311 | D:2      | Noticed Crazy Yiuf
  2531 | D:2      | Reached skill level 3 in Maces & Flails
  2690 | D:2      | Reached XP level 5. HP: 20/33 MP: 5/5
  2905 | D:2      | Noticed a necrophage
  2947 | D:2      | Quit the game

Vanquished Creatures
  A jelly (D:2)
  Terence (D:2)
  2 adders (D:2)
  A dart slug (D:2)
  4 ball pythons
  4 endoplasms
  A giant cockroach (D:1)
  3 goblins (D:2)
  6 hobgoblins
  16 jackals
  2 quokkas
  4 bats
  4 frilled lizards
  13 kobolds
  4 rats
66 creatures vanquished.

Vanquished Creatures (others)
  8 fungi (D:2)
  8 toadstools (D:2)
16 creatures vanquished.

Grand Total: 82 creatures vanquished

Table legend: (Time is in decaauts)
 A = Elapsed time spent in this place.
 B = Non-inter-level travel time spent in this place.
 C = Inter-level travel time spent in this place.
 D = Time resting spent in this place.
 E = Time spent auto-exploring this place.
 F = Levels seen in this place.
 G = Mean time per level.
                   A        B        C        D        E       F      G
               +--------+--------+--------+--------+--------+-----+--------+
         Total |   3073 |   3048 |     25 |      0 |   2328 |   2 | 1536.5 |
       Dungeon |   3073 |   3048 |     25 |      0 |   2328 |   2 | 1536.5 |
               +--------+--------+--------+--------+--------+-----+--------+

Top non-repeatable levels by time:
     D:2: 1743 daAuts
     D:1: 1330 daAuts

Table legend:
 A = Non-vault XP
 B = Vault XP
 C = Vault XP percentage of total XP
 D = Non-vault monster count
 E = Vault monster count
 F = Vault count percentage of total count
                 A         B        C        D         E       F
            +---------+---------+-------+---------+---------+-------
      Total |     116 |      91 |  44.0 |      54 |      12 |  18.2
            +---------+---------+-------+---------+---------+-------
        D:1 |      41 |       0 |   0.0 |      25 |       0 |   0.0
        D:2 |      75 |      91 |  54.8 |      29 |      12 |  29.3
            +---------+---------+-------+---------+---------+-------
